[Event "ICC tourney 2824 (30 10)"]
[Site "Internet Chess Club"]
[Date "2022.02.12"]
[Round "5"]
[White "Liang, Jason:Jupiter435"]
[Black "ALEKSANDROV, ALEKSEJ:Aleksandrov73"]
[Result "1/2-1/2"]
[ICCResult "Game drawn by the 50 move rule"]
[WhiteElo "2350"]
[BlackElo "2551"]
[Opening "Giuoco Piano"]
[ECO "C54"]
[NIC "IG.02"]
[Time "20:00:52"]
[PlyCount "254"]
[TimeControl "1800+10"]

1. e4 e5 2. Nf3 Nc6 3. Bc4 Bc5 4. c3 Nf6 5. d3 d6 6. O-O O-O 7. Nbd2 a5 8.
h3 Be6 9. Bb5 h6 10. Re1 Nd7 11. Nf1 f5 12. exf5 Bxf5 13. Ng3 Bg6 14. Be3
Bxe3 15. Rxe3 Nf6 16. d4 e4 17. Nd2 d5 18. f3 exf3 19. Nxf3 Qd6 20. Qe1 Ne4
21. Bxc6 bxc6 22. Ne5 Nxg3 23. Qxg3 Be4 24. Rae1 Rf5 25. Ng4 Rg5 26. Qxd6
cxd6 27. g3 a4 28. Nf2 h5 29. Kh2 Rf8 30. R1e2 Bf3 31. Rd2 Rgf5 32. Kg1 Rg5
33. Kh2 Rgf5 34. Kg1 g5 35. Re6 R5f6 36. Rxf6 Rxf6 37. Rd3 Be2 38. Re3 Bc4
39. Re8+ Kf7 40. Ra8 Bxa2 41. Rxa4 Bc4 42. Ra7+ Kg6 43. Rc7 Bb5 44. Kg2 Re6
45. Rd7 Be2 46. Rd8 g4 47. Rg8+ Kh7 48. Rc8 Bf3+ 49. Kf1 Re2 50. hxg4 Rxb2
51. Rc7+ Kg8 52. Ke1 Re2+ 53. Kf1 Rc2 54. Ke1 Rxc3 55. Kd2 Rc4 56. gxh5 Bxh5
57. Ke3 Rc3+ 58. Kd2 Rc4 59. Ke3 c5 60. dxc5 dxc5 61. Nd3 Re4+ 62. Kd2 c4
63. Nf4 Bf7 64. Rc8+ Kg7 65. Rc7 d4 66. Nd5 Rg4 67. Ke1 Rg5 68. Nf4 Re5+ 69.
Kd2 Kf6 70. Ne2 d3 71. Nf4 Ra5 72. Rc6+ Kf5 73. Nxd3 Ra2+ 74. Ke3 cxd3 75.
Kxd3 Rg2 76. Rc5+ Kf6 77. Kd4 Rxg3 78. Rc3 Rg4+ 79. Kc5 Ke7 80. Rd3 Rc4+ 81.
Kb5 Be6 82. Rd2 Rc1 83. Kb4 Kf6 84. Re2 Bd5 85. Re3 Kf5 86. Rc3 Re1 87. Kc5
Ke5 88. Rc2 Be4 89. Rc3 Rb1 90. Rc4 Bd3 91. Rc3 Rd1 92. Kc6 Be4+ 93. Kc5 Rd8
94. Kc4 Rd5 95. Re3 Rd4+ 96. Kc5 Rd8 97. Rc3 Bd3 98. Kb6 Kd4 99. Rc7 Be4
100. Re7 Rc8 101. Rd7+ Bd5 102. Rd6 Rb8+ 103. Kc7 Rb7+ 104. Kc8 Rh7 105. Rd7
Rh8+ 106. Rd8 Rh6 107. Rd7 Kc5 108. Kb8 Kc6 109. Rc7+ Kd6 110. Ka7 Rh1 111.
Rc3 Rb1 112. Ka6 Bc6 113. Ka5 Rb2 114. Rc4 Kd5 115. Rb4 Rh2 116. Kb6 Rh7
117. Ka5 Kc5 118. Rb5+ Kd6 119. Rb4 Ra7+ 120. Kb6 Ra8 121. Rd4+ Bd5 122. Rb4
Rd8 123. Ka5 Rc8 124. Kb6 Bc4 125. Kb7 Rc7+ 126. Kb6 Rc6+ 127. Kb7 Ba6+
{Game drawn by the 50 move rule}
1/2-1/2